 Dungeon Crawl Stone Soup version 0.27-a0-684-g359e429f13 (webtiles) character file.

Game seed: 13178132228728222681

16 Allula97 the Sneak (level 2, 0/13 HPs)
             Began as a Vine Stalker Enchanter on Mar 20, 2021.
             Slain by a hobgoblin
             ... wielding a +0 club
              (5 damage)
             ... on level 1 of the Dungeon.
             The game lasted 00:01:28 (687 turns).

Allula97 the Sneak (Vine Stalker Enchanter)          Turns: 687, Time: 00:01:28

Health: 0/13       AC:  3    Str: 10    XL:     2   Next: 54%
Magic:  0/6        EV: 12    Int: 15    God:
Gold:   13         SH:  0    Dex: 14    Spells: 2/5 levels left

rFire    . . .     SeeInvis .   a - +1 dagger
rCold    . . .     Faith    .   (no shield)
rNeg     . . .     Spirit   +   b - +0 robe
rPois    .         Reflect  .   d - +0 helmet
rElec    .         Harm     .   (no cloak)
rCorr    .         Rampage  .   (no gloves)
Will     .....                  (no boots)
Stlth    +++.......             (no amulet)
HPRegen  0.04/turn              (no ring)
MPRegen  0.10/turn              (no ring)

@: no status effects
A: fangs 2, magic shield, antimagic bite, no potion heal 3
a: no special abilities


You were on level 1 of the Dungeon.
You visited 1 branch of the dungeon, and saw 1 of its levels.

You collected 13 gold pieces.

Inventory:

Hand Weapons
 a - a +1 dagger (weapon)
Armour
 b - a +0 robe (worn)
 d - a +0 helmet (worn)
Potions
 c - a potion of curing {unknown}
 e - a potion of berserk rage {unknown}


   Skills:
 * Level 0.2 Fighting
 * Level 1.1 Short Blades
 * Level 0.3 Armour
 * Level 1.6 Dodging
 * Level 4.2 Stealth
 + Level 2.2 Spellcasting
 + Level 3.1 Hexes


You had 2 spell levels left.
You knew the following spells:

 Your Spells              Type           Power      Damage    Failure   Level
a - Corona                Hex            12%        N/A       6%          1
b - Ensorcelled Hibernat  Hex/Ice        12%        N/A       17%         2

Your spell library contained the following spells:

 Spells                   Type           Power      Damage    Failure   Level
 Confusing Touch          Hex            11%        N/A       19%         3
 Tukima's Dance           Hex            11%        N/A       19%         3
 Dazzling Flash           Conj/Hex       12%        N/A       34%         3


Dungeon Overview and Level Annotations

Branches:
Dungeon (1/15)

Altars:


Innate Abilities, Weirdness & Mutations

You have extremely sharp teeth.
When hurt, damage is shared between your health and your magic reserves.
Your bite disrupts and absorbs the magic of your enemies.
Potions cannot restore your health.


Message History

You open the door.
A bat comes into view.
There is an open door here.
The helpless goblin fails to defend itself.
You impale the goblin!!
You kill the goblin!
The bat barely misses you. The bat closely misses you.
You closely miss the bat. You bite the bat. You drain its power.
The bat is moderately wounded.
The bat closely misses you.
The bat struggles to resist.
The bat hits you but does no damage.
You miss the bat. You bite the bat.
You kill the bat!
You open the door.
A frilled lizard comes into view.
Found a leather armour.
There is an open door here.
The frilled lizard hisses angrily.
The frilled lizard misses you.
You barely miss the frilled lizard. The frilled lizard barely misses you.
You closely miss the frilled lizard. Your bite misses the frilled lizard.
The frilled lizard bites you but does no damage.
You hit the frilled lizard.
You kill the frilled lizard!
You can't see any susceptible monsters within range! (Use Z to cast anyway.)
Found a stone staircase leading down.
There is a stone staircase leading down here.
e - a coppery potion A hobgoblin comes into view.
It is wielding a +0 club.
Found 10 gold pieces.
The hobgoblin shouts!
The hobgoblin hits you with a +0 club.
You hit the hobgoblin. Your bite misses the hobgoblin.
The hobgoblin is severely wounded.
The hobgoblin hits you with a +0 club!
You closely miss the hobgoblin.
The hobgoblin is severely wounded.
The hobgoblin hits you with a +0 club!
You die...

##.....##.+§≈≈'.#.#
##...#####≈≈≈###.# ##+##
##+##.... #.# #..###.#
#.# ##.# #.# ##.## #.#
#.# ##...## #.###.#
.###.##.....### #......
......g@......# #####.#
####.####.###.########.#
#$# #..........# #.#
############ #.# #.# #.#
#.#


You could see a hobgoblin.

Vanquished Creatures
  A dart slug (D:1)
  3 bats (D:1)
  5 goblins (D:1)
  A hobgoblin (D:1)
  A frilled lizard (D:1)
  A rat (D:1)
12 creatures vanquished.

Notes
Turn   | Place    | Note
-------+----------+-------------------------------------------
     0 | D:1      | Allula97 the Vine Stalker Enchanter began the quest for the
                  | Orb.
     0 | D:1      | Reached XP level 1. HP: 9/9 MP: 4/4
    90 | D:1      | Reached skill level 1 in Short Blades
   267 | D:1      | Reached XP level 2. HP: 13/13 MP: 4/6
   276 | D:1      | Learned a level 2 spell: Ensorcelled Hibernation
   287 | D:1      | Reached skill level 4 in Stealth
   687 | D:1      | Slain by a hobgoblin

Illustrated notes

Levels and vault maps discovered:
D:1:      dpeg_arrival_orchard, layout_loops_corners, minmay_liquid_box

Skill      XL: |  1  2 |
---------------+-------+-----
Short Blades   | 1 |  1.1
Stealth        | 4 |  4.2
Fighting       | |  0.2
Armour         | |  0.3
Dodging        | |  1.6
Spellcasting   | |  2.2
Hexes          | |  3.1

Action                   || total
-------------------------++-------
Melee: Dagger            ||    27
       Bite              ||     6
 Cast: Corona            ||     3
 Stab: Sleeping          ||     3
Armor: Robe              ||     4
Dodge: Dodged            ||    11

Table legend: (Time is in decaauts)
 A = Elapsed time spent in this place.
 B = Non-inter-level travel time spent in this place.
 C = Inter-level travel time spent in this place.
 D = Time resting spent in this place.
 E = Time spent auto-exploring this place.
 F = Levels seen in this place.
 G = Mean time per level.
                   A        B        C        D        E       F      G
               +--------+--------+--------+--------+--------+-----+--------+
         Total |    685 |    685 |      0 |     12 |    550 |   1 |  685.0 |
       Dungeon |    685 |    685 |      0 |     12 |    550 |   1 |  685.0 |
               +--------+--------+--------+--------+--------+-----+--------+

Top non-repeatable levels by time:
     D:1: 685 daAuts
